 Dungeon Crawl Stone Soup version 0.29-a0-356-g7bc237e783 (webtiles) character file.

Game seed: 5742236547160282851

849 bande the Chopper (level 8, -2/49 HPs)
             Began as a Gargoyle Fighter on Apr 25, 2022.
             Was a Follower of Okawaru.
             Killed by divine providence
             ... invoked by an orc priest
              (13 damage)
             ... on level 5 of the Dungeon.
             The game lasted 00:07:08 (4979 turns).

bande the Chopper (Gargoyle Fighter)                Turns: 4979, Time: 00:07:09

Health: -2/49      AC: 17    Str: 20    XL:     8   Next: 1%
Magic:  9/9        EV:  9    Int:  9    God:    Okawaru [*.....]
Gold:   289        SH:  5    Dex: 11    Spells: 7/7 levels left

rFire   . . .      SeeInvis .   a - +0 war axe
rCold   . . .      Faith    .   c - +1 buckler
rNeg    + . .      Spirit   .   k - +0 plate armour
rPois   ∞          Reflect  .   (no helmet)
rElec   +          Harm     .   (no cloak)
rCorr   +          Rampage  .   (no gloves)
Will    .....                   (no boots)
Stlth   ..........              (no amulet)
HPRegen 0.16/turn               i - +4 ring of evasion
MPRegen 0.11/turn               b - ring of resist corrosion

@: no status effects
A: sickness immunity, AC +5, negative energy resistance 1, electricity
resistance, torment resistance 1, petrification resistance
a: Renounce Religion, Heroism


You were on level 5 of the Dungeon.
You worshipped Okawaru.
Okawaru was aware of your devotion.
You visited 1 branch of the dungeon, and saw 5 of its levels.

You collected 289 gold pieces.

Inventory:

Hand Weapons
 a - a +0 war axe (weapon)
 m - a +0 war axe
 p - a +2 flail of draining
Missiles
 s - a throwing net (quivered)
Armour
 c - a +1 buckler (worn)
 k - a +0 plate armour (worn)
Jewellery
 b - a ring of resist corrosion (right hand)
 i - a +4 ring of evasion (left hand)
 l - a ring of protection from cold
Scrolls
 n - a scroll of enchant armour
 o - 3 scrolls of teleportation
 q - 2 scrolls of magic mapping
Potions
 d - a potion of heal wounds {unknown}
 e - a potion of lignification {unknown}
 f - a potion of berserk rage {unknown}
 g - 3 potions of brilliance
 h - 4 potions of curing
 j - 2 potions of flight
 r - a potion of attraction {unknown}


   Skills:
 + Level 5.1 Fighting
 + Level 5.9 Axes
 + Level 5.0 Armour
 + Level 4.3 Shields
 * Level 2.1 Invocations


You had 7 spell levels left.
You didn't know any spells.
Your spell library contained the following spells:

 Spells                   Type           Power      Damage    Failure   Level
 Ignite Poison            Fire/Tmut/Pois 0%         N/A       100%        3
 Inner Flame              Hex/Fire       0%         N/A       100%        3
 Mephitic Cloud           Conj/Pois/Air  0%         N/A       100%        3
 Cause Fear               Hex            0%         N/A       100%        4
 Freezing Cloud           Conj/Ice/Air   0%         6-21      100%        5
 Discord                  Hex            0%         N/A       100%        8


Dungeon Overview and Level Annotations

Branches:
Dungeon (5/15)
 Temple: D:4-7

Altars:
Kikubaaqudgha
Okawaru
Trog


Innate Abilities, Weirdness & Mutations

You are immune to sickness and miasma.
Your stone body is resilient. (AC +5)
You are immune to poison.
You resist negative energy. (rN+)
You are resistant to electric shocks. (rElec)
You are resistant to unholy torment.
You are immune to petrification.


Message History

The orc priest hits you but does no damage.
Something hits you but does no damage.
Unknown command.
You closely miss the orc priest. You miss something.
The orc priest hits you but does no damage.
Something hits you but does no damage.
The orc priest hits you with a +0 dagger.
Something hits you.
You hit the orc priest.
The orc priest is lightly wounded.
You closely miss something. The orc priest barely misses you.
You hear some strange, mumbled words.
A puff of flame appears from out of thin air!
The puff of flame hits you.
You barely miss the orc priest.
The orc priest is lightly wounded.
You closely miss something. You block the orc priest's attack.
You hear some strange, mumbled words.
Something tries to affect you, but you resist.
Unknown command.
You barely miss the orc priest.
The orc priest is lightly wounded.
You hit something but do no damage.
The orc priest hits you but does no damage.
Something hits you but does no damage.
You barely miss the orc priest.
The orc priest is lightly wounded.
You miss something.
The orc priest invokes the aid of Beogh against you.
Beogh smites you!
* * * LOW HITPOINT WARNING * * *
Something hits you but does no damage. Something hits you.
* * * LOW HITPOINT WARNING * * *
The orc priest miscasts a cantrip.
You closely miss the orc priest.
The orc priest is lightly wounded.
You closely miss something.
The orc priest calls down the wrath of Beogh upon you.
Beogh smites you!
You die...

.........####.###.....#
......# .....#.#.....#
....###. .......[.....#
........ ......##....##
........ .......#....#
........ ............#
........ .......)..##
.......# ###..).###
......# #..@)# ..##..#.
#..o{.# ........
........# ........
<........## ........
##.......# ......##
.........# .....##
.......... .#(..#
#......... .#.....#


You could see an orc priest.

Vanquished Creatures
  A black bear (D:3)
  2 ogres
  2 necrophages (D:5)
  A scorpion (D:4)
  A hound (D:4)
  A gnoll shaman (D:5)
  Jessica (D:3)
  An orc wizard (D:4)
  11 gnolls
  12 adders
  An ufetubus (D:5)
  6 orcs
  12 ball pythons
  9 bats
  4 endoplasms
  5 goblins
  8 hobgoblins
  5 quokkas
  A frilled lizard (D:3)
  5 kobolds
  6 rats
95 creatures vanquished.

Vanquished Creatures (others)
  A wizard (D:4)
  6 fungi (D:5)
7 creatures vanquished.

Grand Total: 102 creatures vanquished

Notes
Turn   | Place    | Note
-------+----------+-------------------------------------------
     0 | D:1      | bande the Gargoyle Fighter began the quest for the Orb.
     0 | D:1      | Reached XP level 1. HP: 14/14 MP: 1/1
   262 | D:1      | Reached XP level 2. HP: 17/19 MP: 2/2
   420 | D:1      | Found a faded altar of an unknown god.
   909 | D:1      | Reached XP level 3. HP: 24/24 MP: 3/3
  2258 | D:3      | Noticed Jessica
  2262 | D:3      | Killed Jessica
  2263 | D:3      | Reached XP level 4. HP: 29/29 MP: 4/4
  2486 | D:3      | Reached XP level 5. HP: 32/33 MP: 5/5
  2613 | D:3      | Noticed an ogre
  2620 | D:3      | Killed an ogre
  2890 | D:3      | Found an ancient bone altar of Kikubaaqudgha.
  3232 | D:4      | Noticed a black bear
  3245 | D:3      | Killed a black bear
  3246 | D:3      | Reached XP level 6. HP: 31/39 MP: 6/6
  3608 | D:4      | Found a bloodstained altar of Trog.
  3611 | D:4      | Noticed a wizard
  3617 | D:4      | Killed a wizard
  3661 | D:4      | Reached XP level 7. HP: 40/44 MP: 7/7
  3725 | D:4      | Found an iron altar of Okawaru.
  3735 | D:4      | Became a worshipper of Warmaster Okawaru
  3861 | D:4      | Reached skill level 5 in Axes
  4178 | D:4      | Identified the +8 hunting sling of Erruolafe {venom, rF-
                  | rN+ Int+2}
  4392 | D:5      | Entered Level 5 of the Dungeon
  4407 | D:5      | Reached skill level 1 in Invocations
  4671 | D:5      | Reached * piety under Okawaru
  4672 | D:5      | Reached skill level 5 in Fighting
  4672 | D:5      | Reached skill level 5 in Armour
  4733 | D:5      | Reached XP level 8. HP: 19/49 MP: 9/9
  4979 | D:5      | Killed from afar by an orc priest

Illustrated notes

Levels and vault maps discovered:
D:1:      dpeg_arrival_circle_labyrinth_c, layout_basic,
          shapermc_ecumenical_altar_petra, minivault_19, minmay_liquid_box,
          dk_noncrumbling_2, palyth_stone_intersect, minmay_tripent
D:2:      layout_loops_ring, minmay_tree_intersection
D:3:      layout_basic, amcnicky_altar_gilded, minmay_snake_closets,
          uniq_jessica
D:4:      layout_rooms, kennysheep_okawaru_gauntlet, trog_wizard
D:5:      layout_cave_pools, grunt_ministairs_4, dreamdust_mushroom_princess

Skill      XL: |  1  2  3  4  5  6  7 |
---------------+----------------------+-----
Axes           | 2 3 4 5 |  5.9
Armour         | 4 5 |  5.0
Fighting       | 4 5 |  5.1
Shields        | 4 |  4.3
Invocations    | 2 |  2.1

Action                   |  1- 3 |  4- 6 |  7- 9 || total
-------------------------+-------+-------+-------++-------
Melee: War axe           |   114 |   106 |   101 ||   321
  Use: Scroll            |     7 |     1 |     1 ||     9
       Potion            |       |     1 |       ||     1
Armor: Scale mail        |    50 |       |       ||    50
       Plate armour      |    12 |    67 |   104 ||   183
Dodge: Dodged            |    66 |    70 |    71 ||   207
Block: Buckler           |    25 |    28 |    48 ||   101

Table legend: (Time is in decaauts)
 A = Elapsed time spent in this place.
 B = Non-inter-level travel time spent in this place.
 C = Inter-level travel time spent in this place.
 D = Time resting spent in this place.
 E = Time spent auto-exploring this place.
 F = Levels seen in this place.
 G = Mean time per level.
                   A        B        C        D        E       F      G
               +--------+--------+--------+--------+--------+-----+--------+
         Total |   5090 |   5055 |     35 |   1151 |   2911 |   5 | 1018.0 |
       Dungeon |   5090 |   5055 |     35 |   1151 |   2911 |   5 | 1018.0 |
               +--------+--------+--------+--------+--------+-----+--------+

Top non-repeatable levels by time:
     D:3: 1492 daAuts
     D:1: 1279 daAuts
     D:4: 924 daAuts
     D:2: 793 daAuts
     D:5: 599 daAuts
